 Dungeon Crawl Stone Soup version 0.26-a0-613-g4f23886233 (webtiles) character file.

Game seed: 3170505374818340597

1721 Gottschkopf the Grappler (level 8, -2/59 HPs)
             Began as a Grey Draconian Transmuter on Sept 10, 2020.
             Was a Follower of Sif Muna.
             Slain by a centaur (8 damage)
             ... on level 7 of the Dungeon on Sept 11, 2020.
             The game lasted 00:16:10 (6397 turns).

Gottschkopf the Grappler (DrTm)                     Turns: 6397, Time: 00:16:11

Health: -2/59      AC:  2    Str: 14    XL:     8   Next: 75%
Magic:  8/11       EV: 19    Int: 15    God:    Sif Muna [*.....]
Gold:   393        SH:  0    Dex: 16    Spells: 0/11 levels left

rFire    . . .     SeeInvis .     - Unarmed
rCold    . . .     Faith    .   (shield currently unavailable)
rNeg     . . .     Spirit   .   (armour unavailable)
rPois    .         Reflect  .   (helmet currently unavailable)
rElec    .         Harm     .   (cloak currently unavailable)
rCorr    .                      (gloves currently unavailable)
MR       .....                  (boots currently unavailable)
Stlth    ++........             (no amulet)
HPRegen  0.19/turn              b - ring of poison resistance
MPRegen  0.12/turn              C - ring of stealth

@: brilliant, spider-form
A: tiny, (walk through water), unfitting armour, AC +11
a: End Transformation, Channel Magic, Renounce Religion


You were on level 7 of the Dungeon.
You worshipped Sif Muna.
Sif Muna was aware of your devotion.
You were a venomous arachnid creature.
You visited 2 branches of the dungeon, and saw 8 of its levels.

You collected 393 gold pieces.

Inventory:

Armour
 a - a +0 cloak (melded)
 i - a +2 pair of boots (melded)
 A - a +2 pair of gloves (melded)
Jewellery
 b - a ring of poison resistance (left front leg)
 C - a ring of stealth (right front leg)
Wands
 v - a wand of acid (7)
 B - a wand of enslavement (6)
 D - a wand of flame (15)
Scrolls
 d - a scroll of fear {unknown}
 f - 3 scrolls of teleportation {unknown}
 g - 2 scrolls of magic mapping {unknown}
 h - 5 scrolls of identify {unknown}
 l - a scroll of enchant weapon {unknown}
 m - 5 scrolls of remove curse {unknown}
 o - a scroll of noise {unknown}
 p - a scroll of random uselessness {unknown}
 r - 2 scrolls of blinking {unknown}
 y - a scroll of fog {unknown}
 z - a scroll of enchant armour {unknown}
Potions
 c - 2 potions of brilliance
 e - 2 potions of stabbing {unknown}
 j - a potion of magic {unknown}
 k - a potion of resistance {unknown}
 n - 2 potions of curing
 q - 2 potions of heal wounds {unknown}
 s - a potion of experience {unknown}
 t - a potion of berserk rage {unknown}
 u - a potion of degeneration {unknown}
 w - a potion of lignification {unknown}
 x - 2 potions of might


   Skills:
 - Level 1.1 Fighting
 - Level 1.7 Dodging
 - Level 10.0 Unarmed Combat
 - Level 2.0 Spellcasting
 * Level 5.7 Transmutations
 + Level 2.2 Poison Magic


You couldn't memorise any spells.
You knew the following spells:

 Your Spells              Type           Power        Failure   Level
a - Beastly Appendage     Tmut           ####..       8%          1
b - Wereblood             Tmut           ####....     11%         2
c - Spider Form           Tmut/Pois      ###.......   30%         3
d - Blade Hands           Tmut           ####......   71%         5

Your spell library contained the following spells:

 Spells                   Type           Power        Failure   Level
 Sting                    Tmut/Pois      ###.         13%         1
 Poisonous Vapours        Pois/Air       #.....       43%         2
 Ignite Poison            Fire/Tmut/Pois ##......     43%         3
 Mephitic Cloud           Conj/Pois/Air  #.......     65%         3
 Ice Form                 Ice/Tmut       ###.....     77%         4
 Olgreb's Toxic Radiance  Pois           ##......     83%         4


Dungeon Overview and Level Annotations

Branches:
Dungeon (7/15)             Temple (1/1) D:5

Altars:
Ashenzari
Cheibriados
Dithmenos
Elyvilon
Hepliaklqana
Makhleb
Okawaru
Qazlal
Sif Muna
Vehumet
Wu Jian
Zin
The Shining One


Innate Abilities, Weirdness & Mutations

((You can walk through water.))
((Your dull iron-grey scales are very hard. (AC +11)))
You cannot fit into any form of body armour.
((You can survive without breathing.))
((You are cold-blooded and may be slowed by cold attacks.))


Message History

You see here an arrow.
You hit the centaur but do no damage.
The centaur is poisoned.
The centaur shoots an arrow.
The arrow hits you!
* * * LOW HITPOINT WARNING * * *
The centaur misses you.
You hear a distant slurping noise.
You hit the centaur.
The centaur is lightly wounded.
The centaur barely misses you.
The centaur unwields a +0 shortbow.
The centaur completely misses you.
You bite the centaur!
The centaur is severely wounded.
The centaur barely misses you. The centaur misses you.
You hit the centaur but do no damage.
The centaur looks as sick as possible!
The centaur is severely wounded.
The centaur closely misses you. The centaur misses you.
You bite the centaur!
The centaur is poisoned.
The centaur is moderately wounded.
The centaur closely misses you. The centaur misses you. The centaur hits you!
You die...

#...#
#..........##..
#.(.#
####.####......
#..(# #. #..###.
###(#
#.####..###. #(#
#........##. #.#
######...##. #(#
#.(.###
#c###########...#
#cs(..........))#
##########....)(#
##'''### ##...##
##.....##
#.......#
#.......#
#.......#
#.......#


You could see 2 centaurs.

Vanquished Creatures
  Menkaure (D:5)
  A phantom (D:4)
  3 ogres
  A centaur (D:5)
  4 big kobolds (D:7)
  2 bullfrogs
  2 scorpions (D:6)
  A howler monkey (D:6)
  2 bullfrog zombies (D:6)
  4 jellies
  A hound (D:5)
  3 orc wizards
  A gnoll shaman (D:5)
  A worker ant (D:7)
  A killer bee zombie (D:5)
  A howler monkey zombie (D:5)
  4 gnolls (D:5)
  5 adders
  2 shadow imps
  A white imp (D:5)
  2 ufetubi
  3 oozes
  An adder zombie (D:6)
  3 worms
  4 dart slugs
  8 leopard geckos
  11 orcs
  2 ball pythons
  8 bats
  2 giant cockroaches
  8 goblins
  13 hobgoblins
  8 jackals
  5 quokkas
  3 frilled lizards
  A giant cockroach zombie (D:5)
  A jackal skeleton (D:4)
  9 kobolds
  2 leopard gecko zombies (D:5)
  A quokka skeleton (D:4)
  6 rats
142 creatures vanquished.

Vanquished Creatures (others)
  7 fungi (D:7)
  7 toadstools (D:7)
14 creatures vanquished.

Grand Total: 156 creatures vanquished

Notes
Turn   | Place    | Note
-------+----------+-------------------------------------------
     0 | D:1      | Gottschkopf the Draconian Transmuter began the quest for
                  | the Orb.
     0 | D:1      | Reached XP level 1. HP: 16/16 MP: 3/3
    38 | D:1      | Reached XP level 2. HP: 18/23 MP: 3/5
   187 | D:1      | Reached skill level 4 in Unarmed Combat
   505 | D:1      | Reached XP level 3. HP: 28/28 MP: 4/6
  1268 | D:2      | Reached XP level 4. HP: 28/35 MP: 7/7
  1337 | D:2      | Learned a level 3 spell: Spider Form
  1353 | D:2      | Reached skill level 5 in Unarmed Combat
  1840 | D:3      | Reached skill level 1 in Poison Magic
  1949 | D:3      | Learned a level 2 spell: Wereblood
  2024 | D:3      | Found a burning altar of Makhleb.
  2080 | D:3      | Reached XP level 5. HP: 31/40 MP: 6/8
  2193 | D:3      | Upgraded the game from 0.26-a0-612-gd4d190f45e to
                  | 0.26-a0-613-g4f23886233
  3263 | D:4      | Noticed a phantom
  3278 | D:4      | Killed a phantom
  3278 | D:4      | Reached XP level 6. HP: 30/47 MP: 9/9
  3580 | D:5      | Entered Level 5 of the Dungeon
  3617 | D:5      | Reached skill level 5 in Transmutations
  4034 | D:5      | Your scales start taking on a dull iron-grey colour.
  4034 | D:5      | Reached XP level 7. HP: 52/52 MP: 6/10
  4034 | D:5      | Gained mutation: You can survive without breathing. [Grey
                  | Draconian growth]
  4249 | D:5      | Found a staircase to the Ecumenical Temple.
  4259 | Temple   | Entered the Ecumenical Temple
  4355 | Temple   | Became a worshipper of Sif Muna the Loreminder
  4469 | D:5      | Reached skill level 6 in Unarmed Combat
  4856 | D:5      | Reached skill level 7 in Unarmed Combat
  4859 | D:5      | Found an iron altar of Okawaru.
  5000 | D:5      | Noticed Menkaure
  5014 | D:5      | Killed Menkaure
  5343 | D:6      | Reached skill level 8 in Unarmed Combat
  5343 | D:6      | Reached XP level 8. HP: 54/59 MP: 9/11
  5656 | D:6      | Reached skill level 9 in Unarmed Combat
  5703 | D:6      | Reached * piety under Sif Muna
  5822 | D:6      | Found a white marble altar of Elyvilon.
  6003 | D:7      | Learned a level 5 spell: Blade Hands
  6095 | D:7      | Reached skill level 10 in Unarmed Combat
  6162 | D:7      | Noticed a slime creature
  6162 | D:7      | Noticed a slime creature
  6162 | D:7      | Noticed a slime creature
  6397 | D:7      | Slain by a centaur

Illustrated notes

Levels and vault maps discovered:
D:1:      lightli_arrival_quake, layout_rooms, minivault_26
D:2:      layout_loops_ring
D:3:      layout_loops_ring, bloody_makhleb
D:4:      layout_basic
D:5:      layout_rooms, okawaru_trees_2, minmay_temple_entry_stoned_glass,
          hex_tiny, uniq_menkaure
D:6:      layout_rooms, elyvilon_altar_3
D:7:      cheibrodos_fertilizer, layout_loops_ring, serial_shops, shop,
          nicolae_ru_the_path_less_chosen
Temple:   kilobyte_greek_temple

Skill      XL: |  1  2  3  4  5  6  7  8 |
---------------+-------------------------+-----
Unarmed Combat | 4 5 8 10 | 10.0
Poison Magic   | 1 2 |  2.2
Transmutations | 4 5 |  5.7
Fighting       | |  1.1
Dodging        | |  1.7
Spellcasting   | |  2.0

Action                   |  1- 3 |  4- 6 |  7- 9 || total
-------------------------+-------+-------+-------++-------
Melee: Unarmed           |   103 |   155 |   145 ||   403
       Kick              |    18 |    19 |    14 ||    51
       Headbutt          |    17 |    12 |    12 ||    41
       Tailslap          |     5 |     7 |     4 ||    16
       Punch             |       |     1 |       ||     1
 Cast: Beastly Appendage |    23 |    34 |    21 ||    78
       Wereblood         |       |     5 |     7 ||    12
       Spider Form       |       |     5 |     9 ||    14
  Use: Potion            |       |       |     2 ||     2
 Stab: Sleeping          |       |       |     2 ||     2
Armor: Skin              |    37 |    33 |    29 ||    99
Dodge: Dodged            |    56 |    91 |   108 ||   255

Table legend: (Time is in decaauts)
 A = Elapsed time spent in this place.
 B = Non-inter-level travel time spent in this place.
 C = Inter-level travel time spent in this place.
 D = Time resting spent in this place.
 E = Time spent auto-exploring this place.
 F = Levels seen in this place.
 G = Mean time per level.
                   A        B        C        D        E       F      G
               +--------+--------+--------+--------+--------+-----+--------+
         Total |   6353 |   6158 |    195 |    539 |   4604 |   8 |  794.1 |
       Dungeon |   6226 |   6060 |    166 |    539 |   4512 |   7 |  889.4 |
        Temple |    126 |     97 |     29 |      0 |     92 |   1 |  126.0 |
               +--------+--------+--------+--------+--------+-----+--------+

Top non-repeatable levels by time:
     D:5: 1374 daAuts
     D:4: 1005 daAuts
     D:3: 987 daAuts
     D:2: 858 daAuts
     D:1: 854 daAuts
     D:6: 685 daAuts
     D:7: 460 daAuts
  Temple: 126 daAuts
